[Event "Titled Tuesday Blitz November 15 Early 2022"]
[White "Ilkhomi, Jaloliddin"]
[Black "Nissinen, Niilo Man"]
[WhiteFideId "14700948"]
[BlackFideId "30950767"]
[WhiteElo "2045"]
[BlackElo "1896"]
[Result "1-0"]
[Round "02"]
[TimeControl "180+1"]
[Date "2022.11.16"]
[WhiteClock "0:01:23"]
[BlackClock "0:00:01"]

1. d4 Nf6 2. Nf3 g6 3. Bg5 Bg7 4. c3 O-O 5. Nbd2 d5 6. e3 h6 7. Bh4 Bf5 8. Ne5 Nbd7 9. Bg3 Nxe5 10. Bxe5 h5 11. Nf3 c6 12. Bd3 Bxd3 13. Qxd3 Qb6 14. Qc2 Ne4 15. Bxg7 Kxg7 16. O-O Rac8 17. Nd2 Nxd2 18. Qxd2 c5 19. Rfd1 cxd4 20. exd4 e6 21. Re1 Qd6 22. h3 b5 23. Re3 a5 24. Rc1 b4 25. cxb4 Qxb4 26. Rec3 Rxc3 27. Qxc3 Rb8 28. b3 a4 29. bxa4 Qxa4 30. Qe3 Ra8 31. Rc7 Qxa2 32. Qxe6 Rf8 33. Qe5+ Kg8 34. Rc5 Qb1+ 35. Kh2 Qe4 36. Rxd5 Qxe5+ 37. Rxe5 Rd8 38. d5 Kg7 39. Kg3 Kf6 40. Kf4 Ra8 41. Re3 Rd8 42. Rd3 Rd6 43. Ke4 Ke7 44. f4 Kf6 45. g4 hxg4 46. hxg4 Rd7 47. Ra3 Rd6 48. Ra7 Rb6 49. g5+ Kg7 50. Ke5 Kf8 51. d6 1-0


[Site "https://www.chess.com"]

[Event "Titled Tuesday Blitz November 15 Early 2022"]
[White "Ince, Taylan Ruzgar"]
[Black "Jumabayev, Rinat"]
[WhiteFideId "44513089"]
[BlackFideId "13702661"]
[WhiteElo "2147"]
[BlackElo "2561"]
[Result "1-0"]
[Round "02"]
[TimeControl "180+1"]
[Date "2022.11.16"]
[WhiteClock "0:00:25"]
[BlackClock "0:00:06"]

1. Nf3 Nf6 2. d4 g6 3. g3 Bg7 4. Bg2 c5 5. O-O cxd4 6. Nxd4 Nc6 7. c4 O-O 8. Nc3 Qa5 9. Nb3 Qh5 10. e4 d6 11. Qxh5 Nxh5 12. Nd5 Rd8 13. Rb1 Be6 14. Be3 Rac8 15. h3 b6 16. Rfc1 Kf8 17. Bf1 Nf6 18. Nxf6 Bxf6 19. Nd2 h5 20. b3 g5 21. f4 gxf4 22. gxf4 Nb4 23. a3 Nc6 24. Nf3 Bd7 25. Kf2 e5 26. Rd1 Ke7 27. f5 Rg8 28. Be2 h4 29. Rg1 Rxg1 30. Rxg1 Na5 31. Nd2 Nc6 32. Bg5 Nd4 33. Bxf6+ Kxf6 34. a4 a6 35. Bd3 b5 36. axb5 axb5 37. Rg4 Rh8 38. cxb5 Bxb5 39. Bxb5 Nxb5 40. Nc4 Ke7 41. Ne3 Nc3 42. Ke1 Rb8 43. Kd2 Rxb3 44. Kc2 Ra3 45. Nc4 Nb5 46. Nxa3 Nxa3+ 47. Kd3 Nb5 48. Rxh4 Nd4 49. Rg4 d5 50. h4 Nxf5 51. exf5 1-0


[Site "https://www.chess.com"]

[Event "Titled Tuesday Blitz November 15 Early 2022"]
[White "Indjic, Aleksandar"]
[Black "Sadubayev, Airat"]
[WhiteFideId "911925"]
[BlackFideId "13713264"]
[WhiteElo "2592"]
[BlackElo "2160"]
[Result "1-0"]
[Round "02"]
[TimeControl "180+1"]
[Date "2022.11.15"]
[WhiteClock "0:00:43"]
[BlackClock "0:00:12"]

1. d4 d5 2. c4 c6 3. cxd5 cxd5 4. Bg5 Nc6 5. Nc3 Nf6 6. Bxf6 gxf6 7. e3 e6 8. Nge2 Bd7 9. Ng3 Qa5 10. Bd3 f5 11. O-O Bd6 12. Nh5 O-O-O 13. Rc1 a6 14. a3 Kb8 15. g3 Na7 16. Qb3 Be7 17. Rc2 Rc8 18. Rfc1 Rc6 19. Ne2 Rhc8 20. Rxc6 Rxc6 21. Rc3 Rxc3 22. Nxc3 Nc8 23. Nf4 Nd6 24. h4 Ne4 25. Nfe2 Ka7 26. Kg2 b5 27. f3 Nd2 28. Qc2 Nc4 29. Kf2 Kb8 30. e4 fxe4 31. fxe4 dxe4 32. Bxc4 bxc4 33. Qxe4 Qb6 34. Qf4+ Bd6 35. Qxf7 Kc8 36. Ne4 c3 37. Nxd6+ Qxd6 38. bxc3 Qxa3 39. Qxh7 a5 40. h5 a4 41. h6 Qb2 42. Qh8+ Kb7 43. Qg7 Qb5 44. h7 a3 45. h8=Q a2 46. Qd8 Qf5+ 47. Ke3 1-0


[Site "https://www.chess.com"]

[Event "Titled Tuesday Blitz November 15 Early 2022"]
[White "Iturrizaga Bonelli, Eduardo"]
[Black "Mika, Tomasz"]
[WhiteFideId "3901211"]
[BlackFideId "1132970"]
[WhiteElo "2637"]
[BlackElo "2126"]
[Result "1-0"]
[Round "02"]
[TimeControl "180+1"]
[Date "2022.11.16"]
[WhiteClock "0:00:29"]
[BlackClock "0:00:01"]

1. d4 d5 2. Nf3 Nf6 3. c4 dxc4 4. Nc3 a6 5. a4 c5 6. d5 e6 7. e4 exd5 8. e5 Ng4 9. Nxd5 Be6 10. Bxc4 Nc6 11. Bf4 Na5 12. b3 Nxc4 13. bxc4 Be7 14. O-O O-O 15. h3 Nh6 16. Bxh6 gxh6 17. Rb1 Rb8 18. Qd2 Kg7 19. a5 Bg5 20. Nxg5 hxg5 21. f4 gxf4 22. Rxf4 Kh8 23. Rbf1 Rg8 24. Kh2 Qg5 25. Nf6 Rg6 26. Re1 Bxc4 27. Qf2 Be6 28. Rh4 h6 29. Rh5 Qxh5 30. Nxh5 Rbg8 31. Nf4 Rg5 32. Qxc5 1-0


[Site "https://www.chess.com"]

[Event "Titled Tuesday Blitz November 15 Early 2022"]
[White "Jain, Naveen"]
[Black "Thiel, Thomas"]
[WhiteFideId "5003970"]
[BlackFideId "4615964"]
[WhiteElo "2036"]
[BlackElo "2216"]
[Result "0-1"]
[Round "02"]
[TimeControl "180+1"]
[Date "2022.11.16"]
[WhiteClock "0:00:03"]
[BlackClock "0:00:31"]

1. c4 Nf6 2. g3 c6 3. Bg2 d5 4. Nf3 dxc4 5. O-O Be6 6. a4 Bd5 7. Nc3 Na6 8. Re1 g6 9. e4 Be6 10. Ng5 Nc5 11. Nxe6 Nxe6 12. Qe2 Qd3 13. Bf1 Nd4 14. Qxd3 cxd3 15. Bxd3 Nf3+ 16. Kf1 Nxe1 17. Kxe1 O-O-O 18. Bc4 e6 19. d3 Nd7 20. a5 Ne5 21. Bg5 Bb4 22. Bxd8 Rxd8 23. Ke2 Nxc4 24. dxc4 Rd4 25. f3 Bxc3 26. bxc3 Rxc4 27. Kd3 Rc5 28. c4 Rh5 29. h4 a6 30. f4 h6 31. e5 g5 32. hxg5 hxg5 33. Ke4 gxf4 34. gxf4 Rf5 35. Rh1 f6 36. Rh8+ Kc7 37. Rh7+ Kb8 38. exf6 Rxf6 39. c5 Rf5 40. Re7 Rxc5 41. Rxe6 Rxa5 42. f5 Ra1 43. f6 Rf1 44. Re7 Rxf6 45. Ke5 Rf1 46. Kd6 Rd1+ 47. Kc5 Rd5+ 48. Kc4 Ka7 49. Rf7 Kb6 50. Rg7 a5 51. Rh7 Rg5 52. Rh1 Rg4+ 53. Kb3 Kb5 54. Ka2 c5 55. Ka3 b6 56. Rb1+ Rb4 57. Ka2 a4 58. Rc1 c4 59. Ka3 Rb3+ 60. Ka2 a3 61. Ka1 Kb4 62. Rg1 b5 63. Rg5 Re3 64. Rg1 Ka4 65. Rb1 b4 66. Rc1 c3 67. Rd1 Re2 68. Rc1 Kb5 69. Rf1 Kc4 70. Rf4+ Kb3 71. Rf1 c2 72. Rc1 Kc3 73. Rf1 b3 74. Rf3+ Kd2 75. Rd3+ Ke1 76. Re3 c1=Q# 0-1


[Site "https://www.chess.com"]

[Event "Titled Tuesday Blitz November 15 Early 2022"]
[White "Janaszak, Dawid"]
[Black "Kopylov, Alexander A."]
[WhiteFideId "1119206"]
[BlackFideId "4164857"]
[WhiteElo "2226"]
[BlackElo "2436"]
[Result "0-1"]
[Round "02"]
[TimeControl "180+1"]
[Date "2022.11.16"]
[WhiteClock "0:00:08"]
[BlackClock "0:00:11"]

1. e4 e5 2. Nf3 Nc6 3. d4 exd4 4. Nxd4 Nf6 5. Nxc6 dxc6 6. Qxd8+ Kxd8 7. Nc3 Bb4 8. Bd2 Re8 9. O-O-O Bd7 10. f3 Kc8 11. Bc4 Be6 12. Bxe6+ fxe6 13. Ne2 Bxd2+ 14. Rxd2 b6 15. Rhd1 Kb7 16. c3 e5 17. Ng3 g6 18. h4 h5 19. Nf1 a5 20. a4 b5 21. b3 Kb6 22. Ne3 Kc5 23. axb5 cxb5 24. Nd5 Nxd5 25. Rxd5+ Kc6 26. Kb2 Re7 27. b4 Kb6 28. Kb3 Re6 29. Rd7 Rc6 30. Ra1 a4+ 31. Kb2 Rd6 32. Rd1 Rc6 33. R1d3 g5 34. hxg5 Rg8 35. Rd8 Rxg5 36. Rb8+ Ka6 37. Rd2 Rd6 38. Rc2 Rdg6 39. Re8 Kb6 40. Re7 Rxg2 41. Rxe5 Rxc2+ 42. Kxc2 Rg2+ 43. Kb1 h4 44. Rh5 Rh2 45. Rh6+ c6 46. e5 h3 47. e6 Kc7 48. Rh7+ Kd6 49. e7 Kd7 50. f4 a3 51. f5 Rb2+ 52. Ka1 h2 53. f6 Rf2 54. Rh8 h1=Q+ 55. Rxh1 Rxf6 56. Re1 Ke8 57. Ka2 Rf3 58. Rc1 Kxe7 59. Kxa3 Kd6 60. Kb3 Rd3 61. Rh1 Kc7 62. Rh7+ Kb6 63. Rh6 Rd2 64. Rg6 Re2 65. Rh6 Kc7 66. Rg6 Kd7 67. Rh6 Re6 68. Rh7+ Kd6 69. Rh4 Re5 70. Rh6+ Kd5 71. Rg6 Rf5 72. Rh6 Rf1 73. Rh5+ Ke4 74. Rc5 Rf6 75. Kc2 Ke3 76. Re5+ Kf4 77. Rc5 Rd6 78. Kc1 Ke4 79. Kc2 Rg6 80. Kb3 Kd3 81. Kb2 Rg2+ 82. Kb3 Rg1 83. Kb2 Rg6 84. Kb3 Rg1 85. Rxc6 Rb1+ 86. Ka2 Kc2 87. Rc5 Rb2+ 88. Ka1 Rb3 89. Ka2 Rb2+ 90. Ka1 Kb3 91. Rg5 Rd2 92. Rg1 Kxc3 93. Kb1 Rb2+ 94. Kc1 Kb3 95. Rg3+ Ka2 96. Rg4 Ka3 97. Rf4 Rb3 98. Kc2 Rg3 99. Re4 Rf3 100. Rd4 Rf8 101. Kc3 Rc8+ 102. Kd2 Kb3 103. Kd3 Rc4 104. Rd5 Kxb4 105. Rd8 Rc5 106. Rh8 Kb3 107. Rb8 b4 108. Rb7 Ka3 109. Ra7+ Kb2 110. Rb7 b3 111. Kd2 Rc8 112. Rb6 Ka2 113. Ra6+ Kb1 114. Rb6 b2 115. Kd1 Rd8+ 116. Ke2 Rd5 117. Rc6 Ka2 118. Ra6+ Kb3 119. Rb6+ Kc3 120. Rc6+ Kb4 121. Rb6+ Rb5 0-1


[Site "https://www.chess.com"]

[Event "Titled Tuesday Blitz November 15 Early 2022"]
[White "Jobava, Baadur"]
[Black "Itgelt, Khuyagtsogt"]
[WhiteFideId "13601520"]
[BlackFideId "4902912"]
[WhiteElo "2582"]
[BlackElo "2129"]
[Result "1-0"]
[Round "02"]
[TimeControl "180+1"]
[Date "2022.11.15"]
[WhiteClock "0:00:43"]
[BlackClock "0:00:18"]

1. b3 Nf6 2. Bb2 e6 3. g3 d5 4. Bg2 Be7 5. Nf3 c5 6. O-O Nc6 7. c4 d4 8. e3 e5 9. exd4 exd4 10. a3 a5 11. d3 O-O 12. Re1 h6 13. Bc1 Bf5 14. Ra2 Bd6 15. Rae2 Qd7 16. Qc2 Bh7 17. Nbd2 Rfe8 18. h3 Rxe2 19. Rxe2 g5 20. Ne1 Bf5 21. Kh2 Kg7 22. Qd1 Ne5 23. Ndf3 Ng6 24. Nd2 g4 25. Ne4 gxh3 26. Nxf6 Kxf6 27. Be4 Kg7 28. Nf3 Bxe4 29. Rxe4 f5 30. Re1 Re8 31. Rxe8 Qxe8 32. Kxh3 f4 33. Kg2 Qe6 34. Qe1 Qxe1 35. Nxe1 fxg3 36. fxg3 h5 37. Bd2 Kf6 38. Bxa5 Ne7 39. Bd8 Kf5 40. Bxe7 Bxe7 41. Kf3 Bd8 42. Nc2 Bg5 43. b4 b6 44. bxc5 bxc5 45. a4 Bd2 46. Na1 Ke5 47. Nb3 Bb4 48. Kg2 Kd6 49. Kh3 Be1 50. Kh4 Kc6 51. a5 Bf2 52. a6 Kb6 53. Nxc5 Ka7 54. Ne4 Be1 55. Kxh5 Kxa6 56. g4 1-0


[Site "https://www.chess.com"]

[Event "Titled Tuesday Blitz November 15 Early 2022"]
[White "Jones, Gawain C B"]
[Black "Fernandez Garcia, Gumersindo"]
[WhiteFideId "409561"]
[BlackFideId "24516740"]
[WhiteElo "2657"]
[BlackElo "2140"]
[Result "1-0"]
[Round "02"]
[TimeControl "180+1"]
[Date "2022.11.16"]
[WhiteClock "0:00:11"]
[BlackClock "0:00:07"]

1. Nf3 Nf6 2. c4 g6 3. b4 Bg7 4. Bb2 O-O 5. e3 a5 6. b5 b6 7. d4 Bb7 8. Bd3 d6 9. O-O Nbd7 10. d5 e6 11. e4 exd5 12. exd5 Nc5 13. Bc2 Re8 14. h3 Qe7 15. Nbd2 Qf8 16. Nb3 Nxb3 17. axb3 Ne4 18. Bxg7 Qxg7 19. Re1 Nc3 20. Qd3 Ne2+ 21. Kh2 Nf4 22. Qd2 Qf6 23. Rxe8+ Rxe8 24. Re1 Ra8 25. Qd4 Qxd4 26. Nxd4 Kf8 27. g4 Re8 28. Rxe8+ Kxe8 29. Kg3 g5 30. Bxh7 Bc8 31. h4 f6 32. hxg5 fxg5 33. Bf5 Bxf5 34. gxf5 Nd3 35. Kg4 Nxf2+ 36. Kxg5 Kf7 37. Kf4 Nd3+ 38. Ke3 Nc5 39. Kd2 a4 40. bxa4 Nxa4 41. Ne6 Nb2 42. Kc3 Nd1+ 43. Kd4 Nf2 44. Nxc7 Ng4 45. Na8 Ne5 46. Nxb6 Nf3+ 47. Kc3 Kf6 48. Nc8 Ke5 49. b6 Nd4 50. b7 Ne2+ 51. Kb2 1-0


[Site "https://www.chess.com"]

[Event "Titled Tuesday Blitz November 15 Early 2022"]
[White "Kiseljova, Marya"]
[Black "Parligras, Mircea-Emilian"]
[WhiteFideId "4155009"]
[BlackFideId "1204297"]
[WhiteElo "1907"]
[BlackElo "2507"]
[Result "0-1"]
[Round "02"]
[TimeControl "180+1"]
[Date "2022.11.16"]
[WhiteClock "0:00:09"]
[BlackClock "0:00:20"]

1. d4 Nf6 2. c4 e6 3. g3 c5 4. d5 exd5 5. cxd5 d6 6. Nc3 g6 7. Bg2 Bg7 8. Nf3 O-O 9. O-O Re8 10. Re1 a6 11. a4 Ne4 12. Qc2 Bf5 13. Qb3 Nd7 14. Nh4 c4 15. Qa3 Ndc5 16. Nxf5 gxf5 17. Nxe4 fxe4 18. Bf4 Qb6 19. Rab1 Rad8 20. Rec1 Qb3 21. Qxb3 cxb3 22. Bxd6 Nxa4 23. Ba3 Rxd5 24. Rc4 Rd4 25. Rxd4 Bxd4 26. Bh3 b5 27. Rd1 Bxb2 28. Bxb2 Nxb2 29. Rb1 Nc4 30. Rxb3 e3 31. Rb1 exf2+ 32. Kxf2 Rb8 33. e3 b4 34. Ra1 a5 35. Bf1 Na3 36. Bd3 Rc8 37. Ke2 Rc5 38. Kd2 Kg7 39. h4 h6 40. Ra2 Kf6 41. Ra1 Ke7 42. Rf1 Nc4+ 43. Bxc4 Rxc4 44. Rf5 a4 45. Ra5 b3 46. Kd3 Rb4 47. Kc3 b2 48. Ra7+ Kf6 49. Ra6+ Kg7 50. Kxb4 b1=Q+ 51. Ka5 a3 52. h5 a2 0-1


[Site "https://www.chess.com"]

[Event "Titled Tuesday Blitz November 15 Early 2022"]
[White "Kleiman, Jake"]
[Black "Wirig, Anthony"]
[WhiteFideId "2020041"]
[BlackFideId "615013"]
[WhiteElo "2608"]
[BlackElo "2487"]
[Result "1/2-1/2"]
[Round "02"]
[TimeControl "180+1"]
[Date "2022.11.16"]
[WhiteClock "0:00:13"]
[BlackClock "0:00:19"]

1. e4 c5 2. c3 Nf6 3. e5 Nd5 4. Bc4 Nb6 5. Bb3 c4 6. Bc2 g6 7. Nf3 Bg7 8. Qe2 d5 9. exd6 Qxd6 10. Na3 Be6 11. O-O O-O 12. b3 cxb3 13. axb3 Nc6 14. Nc4 Nxc4 15. bxc4 Qc5 16. Ra4 Qh5 17. d4 Bf5 18. Be3 Bxc2 19. Qxc2 b6 20. Rb1 Rac8 21. Rb5 Qg4 22. c5 bxc5 23. d5 Nd4 24. cxd4 cxd4 25. Qd1 Qd7 26. Nxd4 Bxd4 27. Rba5 Bxe3 28. fxe3 Rc7 29. h3 Rfc8 30. Qd4 Rd8 31. e4 e6 32. h4 h5 33. Kh2 Qe7 34. Kh3 exd5 35. exd5 Rcd7 36. Rxa7 Qd6 37. Rxd7 Qxd7+ 38. Kh2 Qxd5 39. Qxd5 Rxd5 40. Rf4 Kg7 41. g3 Re5 42. Kh3 Re2 43. Rf1 Rd2 44. Rg1 Kf6 45. Rf1+ Ke7 46. Re1+ Kf8 47. Rf1 Kg8 48. Re1 Kg7 49. Rf1 Re2 50. Rg1 Re3 51. Kg2 Re6 52. Kh1 f6 53. Kh2 Re2+ 54. Rg2 Rxg2+ 55. Kxg2 Kf7 56. Kf3 Ke7 57. Ke3 Kd7 58. Kd3 Kc6 59. Kc4 Kd6 60. Kd4 Ke6 61. Ke4 Ke7 62. Ke3 Kf7 63. Kf3 Kf8 64. Kf2 Ke8 65. Ke2 Kd8 66. Kd2 Ke7 67. Ke3 1/2-1/2


[Site "https://www.chess.com"]

[Event "Titled Tuesday Blitz November 15 Early 2022"]
[White "Kobo, Ori"]
[Black "Buksa, Nataliya"]
[WhiteFideId "2812320"]
[BlackFideId "14123622"]
[WhiteElo "2447"]
[BlackElo "2313"]
[Result "0-1"]
[Round "02"]
[TimeControl "180+1"]
[Date "2022.11.16"]
[WhiteClock "0:00:03"]
[BlackClock "0:00:03"]

1. e4 c5 2. Nc3 Nc6 3. Bb5 Nd4 4. Nf3 e6 5. O-O a6 6. Bd3 Nc6 7. Nd5 g5 8. Nxg5 exd5 9. Qh5 Ne5 10. exd5 Be7 11. f4 Nf6 12. Qe2 Nxd3 13. cxd3 d6 14. b4 Bg4 15. Qf2 h6 16. Bb2 Rg8 17. Rae1 Kd7 18. bxc5 hxg5 19. fxg5 dxc5 20. gxf6 Bd6 21. Be5 Qb6 22. Bxd6 Qxd6 23. Re7+ Kd8 24. Rc1 Bh3 25. g3 Rc8 26. Rxb7 Qxd5 27. Re7 Rc7 28. Rce1 Rxe7 29. Rxe7 Rg6 30. Qe2 Rxf6 31. Re8+ Kc7 32. Qe7+ Qd7 33. Qe5+ Rd6 34. Qxc5+ Qc6 35. Qa7+ Qb7 36. Re7+ Rd7 37. Qc5+ Qc6 38. Qa5+ Kb7 39. Qb4+ Ka7 40. Qd4+ Ka8 41. Rxd7 Qg2# 0-1


[Site "https://www.chess.com"]

[Event "Titled Tuesday Blitz November 15 Early 2022"]
[White "Korelskiy, Egor"]
[Black "Szente Varga, Fruzsina"]
[WhiteFideId "34329064"]
[BlackFideId "712264"]
[WhiteElo "2043"]
[BlackElo "1994"]
[Result "1-0"]
[Round "02"]
[TimeControl "180+1"]
[Date "2022.11.16"]
[WhiteClock "0:00:12"]
[BlackClock "0:00:25"]

1. e4 e5 2. Nf3 Nc6 3. Bb5 a6 4. Ba4 Nf6 5. O-O Be7 6. Re1 b5 7. Bb3 O-O 8. h3 d6 9. c3 Na5 10. Bc2 c5 11. d4 Qc7 12. d5 Ne8 13. Nbd2 g6 14. Nf1 Ng7 15. Bh6 Nb7 16. Ng3 Re8 17. Qd2 c4 18. a4 Bd7 19. Bg5 f6 20. Bh6 Nc5 21. axb5 axb5 22. Nh2 Qb6 23. Kh1 Qb7 24. f4 Rxa1 25. Rxa1 Ra8 26. Qc1 exf4 27. Bxf4 Rxa1 28. Qxa1 b4 29. cxb4 Qxb4 30. Ng4 Nd3 31. Qa8+ Ne8 32. Bxd3 cxd3 33. Qa1 Bxg4 34. hxg4 Kf7 35. Qd1 Qxb2 36. Qxd3 Qa1+ 37. Kh2 Nc7 38. Qc4 Ne8 39. Qc8 Qd1 40. Qe6+ Kf8 41. Bh6+ Ng7 42. Bxg7+ Kxg7 43. Qxe7+ Kh6 44. Qxf6 Qxg4 45. Nf5+ Kh5 46. Qh4+ Qxh4+ 47. Nxh4 Kxh4 48. e5 Kg5 49. e6 Kf6 50. Kg3 1-0


[Site "https://www.chess.com"]

[Event "Titled Tuesday Blitz November 15 Early 2022"]
[White "Koridze, Lile"]
[Black "Piesik, Piotr"]
[WhiteFideId "13612514"]
[BlackFideId "1136194"]
[WhiteElo "2050"]
[BlackElo "2316"]
[Result "0-1"]
[Round "02"]
[TimeControl "180+1"]
[Date "2022.11.16"]
[WhiteClock "0:00:08"]
[BlackClock "0:00:10"]

1. d4 c5 2. d5 e5 3. c4 d6 4. Nc3 Be7 5. Nf3 a6 6. e4 Bg4 7. b3 Nd7 8. Be2 Bxf3 9. Bxf3 Bg5 10. Bb2 Ne7 11. O-O O-O 12. a3 f5 13. exf5 Nxf5 14. Ne4 Be7 15. Bg4 b5 16. Qd3 bxc4 17. bxc4 Nd4 18. Qh3 Nf6 19. Ng5 h6 20. Be6+ Kh8 21. Nf7+ Rxf7 22. Bxf7 Ne2+ 23. Kh1 Rb8 24. Bc1 Qf8 25. Be6 Ne4 26. Be3 Rb3 27. Qg4 Nf4 28. Bxf4 exf4 29. Qe2 Ng5 30. f3 Bf6 31. Ra2 Qb8 32. Bf5 Re3 33. Qc2 Nf7 34. Rb1 Qe8 35. Be4 Ng5 36. Bd3 g6 37. Bf1 h5 38. h3 Bd4 39. Qd1 Kg7 40. Re2 Nf7 41. Qd2 Qe5 42. Rb7 Kf6 43. Rb6 Nh6 44. Rxa6 Nf5 45. Rxe3 Bxe3 46. Qe2 Ng3+ 47. Kh2 Nxe2 48. Bxe2 Bg1+ 49. Kxg1 Qxe2 50. Rxd6+ Kg5 51. Rc6 Qd3 52. d6 Kh4 53. d7 Kg3 54. Rxg6+ Qxg6 55. d8=Q Qb1+ 0-1


[Site "https://www.chess.com"]

[Event "Titled Tuesday Blitz November 15 Early 2022"]
[White "Kosteniuk, Alexandra"]
[Black "Ciuffoletti, Paolo"]
[WhiteFideId "4128125"]
[BlackFideId "807630"]
[WhiteElo "2469"]
[BlackElo "2143"]
[Result "1-0"]
[Round "02"]
[TimeControl "180+1"]
[Date "2022.11.16"]
[WhiteClock "0:01:04"]
[BlackClock "0:00:09"]

1. Nf3 g6 2. e4 Bg7 3. d4 c6 4. Nc3 d5 5. e5 Bg4 6. h3 Bxf3 7. Qxf3 f6 8. Bf4 fxe5 9. Bxe5 Nf6 10. Bd3 O-O 11. Qg3 Nh5 12. Qg4 Bxe5 13. dxe5 Nd7 14. O-O Nxe5 15. Qe6+ Nf7 16. Rae1 Re8 17. f4 Ng7 18. Qg4 Qb6+ 19. Rf2 Qxb2 20. Nd1 Qd4 21. Qg3 e5 22. c3 Qa4 23. fxe5 Nxe5 24. Nb2 Qxa2 25. Rxe5 Rxe5 26. Qxe5 Re8 27. Qc7 d4 28. Bc4+ 1-0


[Site "https://www.chess.com"]

[Event "Titled Tuesday Blitz November 15 Early 2022"]
[White "Kostiukov, Alexandr"]
[Black "Seemann, Jakub"]
[WhiteFideId "14108100"]
[BlackFideId "21874697"]
[WhiteElo "2202"]
[BlackElo "2275"]
[Result "0-1"]
[Round "02"]
[TimeControl "180+1"]
[Date "2022.11.16"]
[WhiteClock "0:00:53"]
[BlackClock "0:01:25"]

1. g3 Nf6 2. Bg2 g6 3. Nf3 Bg7 4. c4 O-O 5. O-O d6 6. d4 Nc6 7. Nc3 Bg4 8. h3 Bxf3 9. Bxf3 Nd7 10. e3 e5 11. d5 Ne7 12. Bg2 f5 13. h4 e4 14. Qc2 Ne5 15. b3 Nd3 16. Bd2 g5 17. hxg5 Ng6 18. f3 exf3 19. Qxd3 Ne5 20. Qc2 fxg2 21. Kxg2 Qxg5 22. e4 Qh5 23. exf5 Ng4 24. Rh1 Qxf5 25. Qxf5 Rxf5 26. Be1 Ne3+ 27. Kh2 Raf8 28. Rc1 Rh5+ 0-1


[Site "https://www.chess.com"]

[Event "Titled Tuesday Blitz November 15 Early 2022"]
[White "Kouskoutis, Georgios-Alexandros"]
[Black "Rose, Felix"]
[WhiteFideId "4234049"]
[BlackFideId "5105722"]
[WhiteElo "2187"]
[BlackElo "2039"]
[Result "1-0"]
[Round "02"]
[TimeControl "180+1"]
[Date "2022.11.16"]
[WhiteClock "0:00:06"]
[BlackClock "0:00:32"]

1. Nf3 d5 2. g3 Nf6 3. Bg2 c6 4. O-O Bf5 5. b3 h6 6. Bb2 e6 7. c4 Nbd7 8. d3 Bh7 9. Nbd2 Be7 10. Qc2 O-O 11. Rad1 a5 12. a3 Qb6 13. h3 Nc5 14. Bd4 Qc7 15. Qb2 Ncd7 16. Ne5 Nxe5 17. Bxe5 Bxa3 18. Qa1 Qe7 19. Kh2 Bd6 20. f4 Rfe8 21. e4 dxe4 22. dxe4 Bxe5 23. Qxe5 Nd7 24. Qc3 Qb4 25. Qf3 Nc5 26. f5 f6 27. e5 exf5 28. exf6 g5 29. Qh5 Rf8 30. Qxh6 Ne6 31. Nf3 g4 32. Rd7 Rf7 33. Rxf7 Kxf7 34. Ne5+ Kg8 35. f7+ Kh8 36. Ng6# 1-0


[Site "https://www.chess.com"]

[Event "Titled Tuesday Blitz November 15 Early 2022"]
[White "Kovalev, Vladislav"]
[Black "Gabdrakhmanov, Azat"]
[WhiteFideId "13504398"]
[BlackFideId "34189197"]
[WhiteElo "2556"]
[BlackElo "2254"]
[Result "1-0"]
[Round "02"]
[TimeControl "180+1"]
[Date "2022.11.16"]
[WhiteClock "0:00:02"]
[BlackClock "0:00:02"]

1. e4 c5 2. Be2 e6 3. d3 Nc6 4. f4 d5 5. Nf3 Nf6 6. e5 Nd7 7. c3 Be7 8. O-O h6 9. d4 g5 10. Kh1 g4 11. Ne1 h5 12. Be3 c4 13. Nd2 Qc7 14. f5 exf5 15. Rxf5 Nf8 16. Rf1 Be6 17. Nc2 Ng6 18. b3 cxb3 19. axb3 Qd7 20. Bd3 g3 21. Qf3 Nh4 22. Qf4 gxh2 23. Nf3 Nxf3 24. Qxf3 h4 25. b4 O-O-O 26. b5 Nb8 27. Rxa7 Rdg8 28. Bf4 Bg5 29. Ne3 Bxf4 30. Qxf4 Rg3 31. Be2 Rhg8 32. Rf3 R3g6 33. b6 h3 34. g3 Qc6 35. Bd3 R6g7 36. Ra8 Qxb6 37. Nf5 Kc7 38. Nxg7 Qb2 39. Rf2 Qc1+ 40. Qxc1 1-0


[Site "https://www.chess.com"]

[Event "Titled Tuesday Blitz November 15 Early 2022"]
[White "Krallis, Christos"]
[Black "Jiganchine, Roman"]
[WhiteFideId "4298896"]
[BlackFideId "2603667"]
[WhiteElo "2243"]
[BlackElo "2323"]
[Result "1-0"]
[Round "02"]
[TimeControl "180+1"]
[Date "2022.11.16"]
[WhiteClock "0:00:06"]
[BlackClock "0:00:06"]

1. d4 d5 2. Nf3 Nf6 3. g3 Bf5 4. Bg2 c6 5. O-O h6 6. c4 e6 7. b3 Nbd7 8. Bb2 Be7 9. Nc3 O-O 10. Rc1 Bh7 11. e3 a5 12. Qe2 Ne4 13. Nxe4 Bxe4 14. Ne1 Bxg2 15. Kxg2 a4 16. Nd3 a3 17. Ba1 Re8 18. h4 Qb6 19. h5 f5 20. Nf4 Nf6 21. Nxe6 Bb4 22. c5 Qa5 23. Nf4 Qd8 24. Bc3 Bxc3 25. Rxc3 Ne4 26. Rc2 Qg5 27. Nd3 Nxg3 28. fxg3 Rxe3 29. Qf2 Rxd3 30. Re2 Rf8 31. Qf4 Qxh5 32. Re7 Rc3 33. Qe5 Rc2+ 34. Rf2 Rxf2+ 35. Kxf2 Qg6 36. Rxb7 f4 37. gxf4 Qc2+ 38. Kg3 Qg6+ 39. Kf2 Qc2+ 40. Ke3 Qg6 41. Re7 Qg3+ 42. Ke2 Qg2+ 43. Ke1 Qg3+ 44. Ke2 Qg2+ 45. Kd3 Qg3+ 46. Kc2 Qg6+ 47. Kc3 h5 48. Re6 Qg3+ 49. Kb4 h4 50. Rxc6 Qe1+ 51. Qxe1 1-0


[Site "https://www.chess.com"]

[Event "Titled Tuesday Blitz November 15 Early 2022"]
[White "Kryakvin, Dmitry"]
[Black "Gurevich, Dmitry"]
[WhiteFideId "4153278"]
[BlackFideId "2000407"]
[WhiteElo "2414"]
[BlackElo "2506"]
[Result "1-0"]
[Round "02"]
[TimeControl "180+1"]
[Date "2022.11.16"]
[WhiteClock "0:00:28"]
[BlackClock "0:00:17"]

1. d4 Nf6 2. c4 a6 3. Nf3 c5 4. e3 e6 5. Nc3 d5 6. a3 Nc6 7. dxc5 Bxc5 8. b4 Ba7 9. Bb2 O-O 10. Qc2 d4 11. exd4 Nxd4 12. Nxd4 Bxd4 13. Rd1 e5 14. Be2 Be6 15. O-O Qc7 16. Na4 Rad8 17. Bxd4 exd4 18. Nc5 Bc8 19. Bf3 g6 20. Ne4 Nxe4 21. Bxe4 Be6 22. c5 b6 23. Rd2 bxc5 24. Qxc5 Qxc5 25. bxc5 Rc8 26. Rc1 Rfd8 27. Bb7 Rc7 28. c6 a5 29. f3 Bb3 30. Kf2 a4 31. Rc5 Rd6 32. Re5 Kf8 33. Re4 d3 34. Ke3 Bc2 35. Rf2 f6 36. Kd2 Kf7 37. g4 Re6 38. Rxe6 Kxe6 39. f4 Kd5 40. h4 Ke4 41. f5 g5 42. hxg5 fxg5 43. f6 Bb3 44. Rh2 Kf4 45. Rh3 Bc2 46. Re3 1-0


[Site "https://www.chess.com"]

[Event "Titled Tuesday Blitz November 15 Early 2022"]
[White "Kuznetsov, Mikhail"]
[Black "Adel, Sara"]
[WhiteFideId "4117190"]
[BlackFideId "10616764"]
[WhiteElo "1981"]
[BlackElo "1994"]
[Result "1-0"]
[Round "02"]
[TimeControl "180+1"]
[Date "2022.11.16"]
[WhiteClock "0:02:03"]
[BlackClock "0:02:21"]

1. Nf3 Nf6 2. g3 g6 3. b3 Bg7 4. Bb2 O-O 5. Bg2 d6 6. d4 Nc6 7. O-O e5 8. dxe5 dxe5 9. Qxd8 Rxd8 10. Nxe5 Nh5 11. Nxc6 Bxb2 12. Nxd8 Bxa1 13. Na3 Bf6 14. Nxb7 Rb8 15. Na5 Be7 16. Nc6 Bxa3 17. Nxb8 Be6 18. Rd1 Bd6 19. c4 Be7 20. Nc6 Bd6 21. Bd5 Bxd5 22. Rxd5 1-0


[Site "https://www.chess.com"]

[Event "Titled Tuesday Blitz November 15 Early 2022"]
[White "Kuznetsova, Olga"]
[Black "Willathgamuwa, Kevin"]
[WhiteFideId "4191323"]
[BlackFideId "3214168"]
[WhiteElo "2134"]
[BlackElo "1962"]
[Result "0-1"]
[Round "02"]
[TimeControl "180+1"]
[Date "2022.11.16"]
[WhiteClock "0:00:16"]
[BlackClock "0:00:19"]

1. d4 Nf6 2. g3 e6 3. Bg2 d5 4. Nf3 Be7 5. O-O O-O 6. b3 b6 7. c4 Bb7 8. Bb2 Nbd7 9. Ne5 Rc8 10. cxd5 Bxd5 11. Nc6 Bxc6 12. Bxc6 Nb8 13. Bb7 c5 14. Bxc8 Qxc8 15. dxc5 Qxc5 16. Nd2 Qh5 17. Nf3 Nc6 18. Bxf6 Bxf6 19. Rc1 Nb4 20. Rc4 Nd5 21. e4 Nc3 22. Qd3 Rd8 23. Qe3 Nxa2 24. e5 Be7 25. Qe4 Nb4 26. g4 Qh3 27. Ng5 Bxg5 28. Rxb4 g6 29. Rd4 Rxd4 30. Qxd4 Qxb3 31. Rd1 Qf3 32. Rd3 Qf4 33. Qxf4 Bxf4 34. Rd7 a5 35. Rb7 Bxe5 36. Rxb6 Kg7 37. Ra6 Bc3 38. Kg2 g5 39. h3 Kg6 40. Kf3 h5 41. Ke4 hxg4 42. hxg4 Bb4 43. f3 Kf6 44. Ra7 Bd2 45. Rd7 Bb4 46. Rb7 Bc3 47. Rb3 Bb4 48. Rd3 a4 49. Rd4 Bc3 50. Rxa4 Be5 51. Ra5 Bf4 52. Rb5 Bd6 53. Rb7 Bf4 54. Rb8 Bxb8 0-1


[Site "https://www.chess.com"]